 Dungeon Crawl Stone Soup version 0.28.0 (webtiles) character file.

Game seed: 5508312240226483909

1 ProzacElf the Sneak (level 1, 0/18 HPs)
             Began as a Merfolk Delver on Feb 6, 2022.
             Slain by a hound (1 damage)
             ... on level 4 of the Dungeon.
             The game lasted 00:01:09 (116 turns).

ProzacElf the Sneak (Merfolk Delver)                 Turns: 116, Time: 00:01:09

Health: 0/18       AC:  3    Str: 12    XL:     1   Next: 20%
Magic:  1/1        EV: 12    Int:  9    God:
Gold:   0          SH:  0    Dex: 15    Spells: 0/0 levels left

rFire   . . .      SeeInvis .   a - +0 spear
rCold   . . .      Faith    .   (no shield)
rNeg    . . .      Spirit   .   b - +0 leather armour
rPois   .          Reflect  .   (no helmet)
rElec   .          Harm     .   (no cloak)
rCorr   .          Rampage  .   (no gloves)
Will    .....                   (no boots)
Stlth   +++.......              (no amulet)
HPRegen 0.06/turn               (no ring)
MPRegen 0.07/turn               (no ring)

@: no status effects
A: (nimble swimmer 2), mertail
a: no special abilities


You were on level 4 of the Dungeon.
You visited 1 branch of the dungeon, and saw 2 of its levels.

Inventory:

Hand Weapons
 a - a +0 spear (weapon)
Armour
 b - a +0 leather armour (worn)
 h - a +0 ring mail
Wands
 g - a wand of digging (3)
Scrolls
 c - a scroll of fog
 d - a scroll of magic mapping
 e - a scroll of fear
Potions
 f - a potion of haste


   Skills:
 - Level 3.2 Fighting
 + Level 3.1 Polearms
 + Level 2.8 Dodging
 - Level 5.4 Stealth


You couldn't memorise any spells.
You didn't know any spells.
Your spell library was empty.

Dungeon Overview and Level Annotations

Branches:
Dungeon (5/15)
 Temple: D:4-7

Altars:
Elyvilon


Innate Abilities, Weirdness & Mutations

((You are very nimble when in or above water. (Stealth+, EV+, Speed+++)))
Your lower body shifts to a powerful aquatic tail in water.


Message History

Tha hound barely misses ye.
Ye hit tha hound but do nay damage.
Tha hound be moderately wounded.
Tha hound bites ye. x2
Ye take 2 damage, an' haf 16/18 hp.
Ye barely miss tha hound.
Tha hound be moderately wounded.
Tha hound bites ye.
Ye take 3 damage, an' haf 13/18 hp.
Ye barely miss tha hound.
Tha hound be moderately wounded.
Tha hound closely misses ye. x2
Tha hound bites ye.
Ye take 1 damage, an' haf 12/18 hp.
Tha hound stops ta sniff tha ground.
Tha hound closely misses ye.
Tha hound bites ye.
Ye take 2 damage, an' haf 10/18 hp.
Tha hound bites ye.
Ye take 3 damage, an' haf 7/18 hp.
Tha hound bites ye but does nay damage.
Tha hound bites ye.
* * * LOW HITPOINT WARNIN'
* * * Ye take 2 damage, an' haf 5/18 hp.
Found a viscous red potion.
Found a stone staircase leadin' up.
Tha hound barely misses ye.
An adder skeleton comes inta view.
Tha goblin shouts!
Tha hound barely misses ye.
Tha hound barely misses ye.
Yer legs become a tail as ye enter tha water.
Found 17 gold pieces.
Found a quarterstaff.
Found a white marble altar o' Elyvilon.
Tha hound bites ye.
* * * LOW HITPOINT WARNIN'
* * * Ye take 5 damage, an' haf 1/18 hp.
MASSIVE DAMAGE!!
Tha adder skeleton bites tha bush but does nay damage.
Tha hound bites ye.
Ye die...

....O.....# #######.###
#...!....# #......O.# #
#........# ######.##
#........# #.......#
#........##### #.......#
#........≈≈ZO♣♣♣..≈≈...#
.<....#..g≈P..Ph@P≈≈.#
......#.....♣♣.♣♣.P.##
..^..###P.♣♣...♣♣.P#
.... #♣.♣P...P♣b♣.. ...
♣...._)...♣ ##
♣.♣P...P♣.♣ P.♣♣P.P♣♣.P
. ♣♣.♣♣ . # .P. #


You could see an ogre, a hound and an adder skeleton.

Vanquished Creatures
  A hobgoblin (D:4)
1 creature vanquished.

Notes
Turn   | Place    | Note
-------+----------+-------------------------------------------
     0 | D:5      | ProzacElf the Merfolk Delver began the quest for the Orb.
     0 | D:5      | Reached XP level 1. HP: 18/18 MP: 1/1
    37 | D:5      | Noticed a hound
    77 | D:4      | Noticed a hound
    78 | D:4      | Noticed an ogre
   113 | D:4      | Found a white marble altar of Elyvilon.
   116 | D:4      | Slain by a hound

Illustrated notes

Levels and vault maps discovered:
D:4:      layout_basic, tgw_trog, nicolae_elyvilon_peaceful_grove
D:5:      wander_river, layout_loops_ring, grunt_dithmenos_smoke_and_mirrors,
          nicolae_tso_carved_into_rock, vehumet_statue,
          minmay_temple_entry_ruins, minivault_26, uniq_duvessa

Action                   || total
-------------------------++-------
Melee: Spear             ||    12
Armor: Leather armour    ||     1
Dodge: Dodged            ||    18
